 Seeded DCSS version 0.31-a0-1522-g43313d8a59 (webtiles) character file.

Game seed: 16090307882996012164 (custom seed)

446592 thriggle the Slayer (level 24, -3/212 (216) HPs)
             Began as a Barachi Fighter on Dec 29, 2023.
             Was the Champion of Trog.
             Slain by a ghostly tengu reaver
             ... wielding a +0 great mace
              (4 damage)
             ... on level 5 of the Vaults on Dec 31, 2023.
             The game lasted 06:15:12 (54113 turns).

thriggle the Slayer (Barachi Fighter)              Turns: 54113, Time: 06:15:13

HP:   -3/212 (216)  AC: 33    Str: 25    XL:     24   Next: 21%
MP:   1/25          EV: 18    Int: 13    God:    Trog [******]
Gold: 3115          SH: 25    Dex: 16    Spells: 23/23 levels left

rFire   + . .        G - +16 lance "Wyrmbane" {slay drac, rPois rF+ rC+ AC+3}
rCold   + . .        K - +1 tower shield {reflect}
rNeg    + . .        C - +2 steam dragon scales
rPois   +            V - +2 helmet {SInv}
rElec   +            N - +2 cloak {rCorr}
rCorr   +            r - +4 pair of gloves of the Onion {Str-2 Int+4 Slay+3}
SInv    +            l - +1 pair of boots of Deda Jid {rElec Stlth+}
Will    +++..        F - amulet of reflection
Stlth   ++++++       w - ring of positive energy
HPRegen 1.55/turn    D - ring of Okawaru, Teaching {AC+4 Slay+4}
MPRegen 0.19/turn

%: reflection
@: silenced (expiring), marked, strong-willed, unable to hop, regenerating,
hasted, constricted, studying 3 skills, lightly drained, invisible, quick
A: amphibious, slowness 1, strong legs 2, +LOS, hooves 1, low MP 1, strong 1,
MP-powered wands
}: 2/15 runes: decaying, gossamer
a: Hop, Renounce Religion


You were on level 5 of the Vaults.
You worshipped Trog.
Trog was exalted by your worship.
You visited 8 branches of the dungeon, and saw 40 of its levels.
You visited the Abyss 1 time.
You also visited: Ice Cave and Volcano.

You collected 6490 gold pieces.
You spent 3375 gold pieces at shops.

Inventory:

Hand Weapons
 m - the +0 quarterstaff of Xegixteh {flame, ^Fragile rC+++ rN+++ Int-5}
   (Trog gifted it to you on level 3 of the Vaults)

   Int-5:     It affects your intelligence (-5).
   rC+++:     It renders you almost immune to cold.
   rN+++:     It renders you almost immune to negative energy.
   ^Fragile:  It will be destroyed if unequipped.
 G - the +16 lance "Wyrmbane" (weapon) {slay drac, rPois rF+ rC+ AC+3}
   (You took it off Maggie on level 8 of the Dungeon)

   AC+3:      It affects your AC (+3).
   rF+:       It protects you from fire.
   rC+:       It protects you from cold.
   rPois:     It protects you from poison
 H - a +9 spectral demon trident
 T - the +2 halberd of Tichuix {holy, *Noise rN+++ Int+6}
   (You took it off a deep elf pyromancer on level 1 of the Elven Halls)

   Int+6:     It affects your intelligence (+6).
   rN+++:     It renders you almost immune to negative energy.
   *Noise:    It may make a loud noise when swung.
Missiles
 c - 2 darts of dispersal
 e - 18 atropa-tipped darts
 g - a silver javelin
 h - 3 javelins
 s - 10 boomerangs
 v - 49 poisoned darts (quivered)
Armour
 a - a +0 pair of boots of rampaging
 l - the +1 pair of boots of Deda Jid (worn) {rElec Stlth+}
   (You acquired it on level 3 of the Vaults)

   rElec:     It insulates you from electricity.
   Stlth+:    It makes you more stealthy.
 r - the +4 pair of gloves of the Onion (worn) {Str-2 Int+4 Slay+3}
   (You found it on level 3 of the Vaults)

   Str-2:     It affects your strength (-2).
   Int+4:     It affects your intelligence (+4).
   Slay+3:    It affects your accuracy & damage with ranged weapons and melee
   (+3).
 C - +2 steam dragon scales (worn)
 K - a +1 tower shield of reflection (worn)
 N - a +2 cloak of preservation (worn)
 P - a +2 kite shield of reflection
 V - a +2 helmet of see invisible (worn)
Jewellery
 k - a +4 ring of protection
 w - a ring of positive energy (left hand)
 D - the ring of Okawaru, Teaching (right hand) {AC+4 Slay+4}
   (You found it on level 7 of the Dungeon)

   [ring of protection]

   AC+4:      It affects your AC (+4).
   Slay+4:    It affects your accuracy & damage with ranged weapons and melee
   (+4).
 F - an amulet of reflection (around neck)
 M - the ring "Jesem" {+Blink rC+ Will- Slay+2}
   (You took it off a deep elf elementalist on level 3 of the Elven Halls)

   [ring of protection from cold]

   Slay+2:    It affects your accuracy & damage with ranged weapons and melee
   (+2).
   rC+:       It protects you from cold.
   Will-:     It decreases your willpower.
   +Blink:    It lets you blink.
 R - a ring of willpower
Wands
 b - a wand of iceblast (15)
 p - a wand of mindburst (14)
 I - a wand of polymorph (35)
 L - a wand of flame (42)
 S - a wand of digging (14)
 U - a wand of charming (4)
Scrolls
 u - 2 scrolls of enchant weapon
 y - 4 scrolls of revelation
 z - 2 scrolls of silence
 A - 4 scrolls of fog
 B - 18 scrolls of teleportation
 E - 4 scrolls of blinking
 O - 5 scrolls of fear
 Y - 21 scrolls of identify
Potions
 d - 7 potions of might
 f - 4 potions of berserk rage
 i - 3 potions of haste
 j - 8 potions of mutation
 n - 7 potions of enlightenment
 q - 5 potions of attraction
 t - 8 potions of curing
 J - 2 potions of magic
Miscellaneous
 X - a phantom mirror (inert)


   Skills:
 * Level 23.9 Fighting
 - Level 10.0(15.6) Axes
 - Level 2.0(9.6) Maces & Flails
 * Level 17.3(19.1) Polearms
 - Level 10.8(16.1) Staves
 + Level 14.9 Throwing
 + Level 16.6 Armour
 + Level 17.2 Dodging
 + Level 15.8 Stealth
 + Level 15.3 Shields
 - Level 7.0 Invocations
 + Level 14.0 Evocations


You had 23 spell levels left.
You didn't know any spells.
Your spell library was empty.

Dungeon Overview and Level Annotations

Branches:
Dungeon (15/15)            Temple (0/1) D:4            Lair (5/5) D:9
  Swamp (4/4) Lair:2       Spider (4/4) Lair:2        Slime (0/5) Lair:4
    Orc (2/2) D:9             Elf (3/3) Orc:2        Vaults (5/5) D:14
  Crypt (0/3) Vaults:2     Depths (2/4) D:15          IceCv (visited)
Volcano (visited)

Altars:
Gozag
Makhleb
Qazlal
Trog
Vehumet
Wu Jian
Xom
Yredelemnul
Jiyva

Shops:
D:2 =   D:4 !   D:13 [   Orc:1 *   Orc:2 [*::   Elf:1 :[![(   Elf:2 **[[
Depths:2 *

Portals:
Hell: Depths:1 Depths:2
Abyss: Depths:1
Pandemonium: Depths:2
Ziggurat: Depths:1

Annotations:
D:15 3 runed translucent doors, Archuejo's ghost, journeyman MiCj; Qitorr's ghost, adept FoFi


Innate Abilities, Weirdness & Mutations

You are amphibious.
You cover ground slowly.
You can hop long distances.
You have an extended range of vision and can be seen from far away.
You have large cloven feet.
Your magical capacity is low. (-10% MP)
Your muscles are strong. (Str +4, Int/Dex -1)
You expend magic power (3 MP) to strengthen your wands.


Message History

Your ironbound preserver is healed somewhat.
The phantasmal warrior hits your ironbound preserver!!
Your ironbound preserver's willpower is stripped away!
The ghostly deep troll bites you but does no damage.
The ghostly deep troll barely misses you.
The ghostly deep troll claws you but does no damage.
You feel better. You block the vault warden's attack.
You block the tentacled monstrosity's attack. x3
The ghostly tengu reaver hits you with a +0 great mace!
* * * LOW HITPOINT WARNING * * *
The ghostly tengu reaver pecks you but does no damage.
The ghostly tengu reaver claws you but does no damage.
The tentacled monstrosity tentacle-slaps you but does no damage.
The tentacled monstrosity tentacle-slaps you.
* * * LOW HITPOINT WARNING * * *
The tentacled monstrosity completely misses you.
The tentacled monstrosity constricts you.
You feel better.
The snapping turtle changes into a merfolk!
The orc wizard gestures wildly while chanting.
The orc wizard flickers and vanishes for a moment.
The ghostly deep troll bites you!
* * * LOW HITPOINT WARNING * * *
The ghostly deep troll barely misses you.
You block the ghostly deep troll's attack.
The phantasmal warrior hits your ironbound preserver!!
You block the tengu reaver's attack. x2
The tengu reaver claws you but does no damage.
Your ironbound preserver hits the phantasmal warrior with a +0 flail!!
A yaktaur comes into view.
You block the ogre mage's attack.
The deep elf death mage hits you with a +0 rapier.
* * * LOW HITPOINT WARNING * * *
The vault warden closely misses you.
The tentacled monstrosity tentacle-slaps you but does no damage.
The tentacled monstrosity tentacle-slaps you.
* * * LOW HITPOINT WARNING * * *
The tentacled monstrosity tentacle-slaps you but does no damage.
The ghostly tengu reaver hits you with a +0 great mace.
You die...

...#...# ..# #
.T#.#.#....# ...
...##..#.#....#.#.. #
..T...#....#....
....##.CO#55..c....
.....QpppCo).c.....
##########DQho2.[.###
.......TQXCpDp3).....
......Wp@QXDmOe5..c..
.......peXOCHy4<.....
.......*.Cp1[om......
##########ec[.....###
#*p..)......
..#....#....
...#....#.e##
....#....# ..
.....#....# .


You could see 3 shadow dragons, 3 tentacled monstrosities, a titan, a Brimstone
Fiend (summoned), a sphinx, 2 stone giants, 2 vault wardens, 2 tengu reavers, a
ghostly tengu reaver (repels missiles), a deep elf death mage, a yaktaur captain
(unable to see you), 2 vault guards, an orc knight (unable to see you), a deep
elf annihilator, an ettin (unable to see you), a blizzard demon (summoned), a
sun moth shaped shifter (unable to see you), a merfolk shaped shifter (unable to
see you), 2 ogre magi, a ghostly deep troll, a deep elf demonologist, 2 vault
sentinels, a phantasmal warrior (distracted, ally target), 2 yaktaurs, an ice
devil (summoned, unable to see you), a water nymph shaped shifter (unable to see
you), a ynoxinul (summoned, unable to see you), a warg, 2 lost souls, an orc
wizard (strong, invisible, unable to see you), 3 ufetubi, an orc (strong, unable
to see you) and a friendly ironbound preserver (charmed, weak-willed).

Vanquished Creatures
  Mara (Vaults:4)
  Xtahua (Vaults:2)
  Bai Suzhen (Swamp:3)
  The ghost of Ofeo the Slayer, an adept OnSh of Jiyva (Depths:1)
  A bone dragon (Abyss:2)
  Rupert (D:13)
  Mlioglotl (Spider:3)
  3 deep elf master archers (Elf:3)
  A walking frostbound tome (Depths:2)
  2 liches
  A quicksilver dragon (Depths:1)
  3 sphinxes
  Asterion (Spider:2)
  2 titans (Vaults:4)
  2 deep elf blademasters (Elf:3)
  2 tengu reavers (Depths:2)
  Gastronok (D:7)
  3 tentacled starspawn (Abyss:2)
  A shadow dragon (Vaults:3)
  Aizul (Spider:1)
  2 storm dragons
  Donald (Spider:1)
  3 fire giants
  A fenstrider witch (Swamp:3)
  8 vault wardens
  8 deep elf sorcerers (Elf:3)
  5 frost giants
  3 emperor scorpions (Spider:4)
  5 ghost moths
  Louise (Spider:4)
  8 very ugly things (Depths:1)
  2 orc warlords
  7 deep elf elementalists (Elf:3)
  29 ironbound preservers
  6 ironbound thunderhulks
  A stone giant (Depths:1)
  A formless jellyfish (Vaults:4)
  3 broodmothers
  Nessos (Lair:5)
  12 deep elf death magi
  A spark wasp (shapeshifter) (Vaults:3)
  5 deep elf annihilators (Elf:3)
  4 deep elf demonologists
  The ghost of Otiejusm the Frost Mage, a journeyman GnIE of Gozag (D:14)
  2 war gargoyles
  4 bunyips
  2 spark wasps (Spider:3)
  A merfolk impaler (Depths:2)
  13 dire elephants
  2 merfolk javelineers (Depths:1)
  9 ettins
  2 blizzard demons (IceCv)
  A crystal guardian (Vaults:4)
  4 entropy weavers
  A quicksilver dragon zombie (Abyss:2)
  4 fire dragons
  4 great orbs of eyes
  The ghost of bungle the Fighter, a journeyman GnWn of Gozag (D:10)
  26 vault guards
  5 yaktaur captains
  19 hydras
  A rakshasa (D:13)
  6 deep elf high priests
  2 jorogumos
  2 peacekeepers
  6 ghost crabs (Swamp:2)
  2 caustic shrike simulacra (IceCv)
  8 ironbound frosthearts
  17 centaur warriors
  4 catoblepae
  3 ogre magi
  10 boulder beetles
  2 spriggan air magi
  16 two-headed ogres
  5 deep troll shamans
  29 dancing weapons
  A death scarab (Spider:2)
  15 death yaks
  2 radroaches (Spider:4)
  2 tengu warriors
  A two-headed ogre (shapeshifter) (Elf:3)
  2 vampire magi
  2 deep troll earth magi (Depths:2)
  13 alligators
  14 demonic crawlers
  An orc high priest (Orc:2)
  5 spriggan berserkers
  A thrashing horror (Abyss:2)
  13 deep elf knights
  Sonja (D:10)
  A sun demon (Swamp:2)
  4 iron trolls
  12 skeletal warriors
  6 pharaoh ants
  2 wretched stars (Abyss:2)
  A skyshark (Lair:4)
  Lodul (D:10)
  6 shadow wraiths (Depths:2)
  12 orb spiders
  93 deep trolls
  2 flayed ghosts (Depths:2)
  A deep troll (shapeshifter) (Elf:3)
  5 goliath frogs
  7 spriggan druids
  9 deep elf archers
  A glowing orange brain (Vaults:4)
  6 bog bodies
  2 obsidian statues
  7 arcanists
  14 lindwurms
  3 sun moths
  6 orc knights
  5 phantasmal warriors
  4 spriggan simulacra (IceCv)
  15 ironbound convokers
  6 steelbarb worms
  10 swamp dragons
  23 deep elf zephyrmancers
  A steelbarb worm (shapeshifter) (Vaults:5)
  2 necromancers
  29 deep elf pyromancers
  2 moths of wrath (Spider:4)
  15 wolf spiders
  26 ugly things
  2 will-o-the-wisps
  2 manticores
  A stone giant skeleton (Vaults:1)
  7 cyclopes
  An ice statue (D:12)
  27 elephants
  7 black mambas
  4 meliai
  12 vault sentinels
  2 kobold blastminers (Orc:2)
  3 apocalypse crabs (Swamp:2)
  An orange demon (Abyss:2)
  3 smoke demons (Abyss:2)
  6 torpor snails
  An unseen horror (shapeshifter) (Elf:1)
  12 cane toads
  2 freezing wraiths (IceCv)
  Maggie (D:8)
  4 gargoyles
  A kobold demonologist (D:12)
  2 rime drakes (Lair:5)
  An unseen horror (D:12)
  An efreet (D:15)
  22 yaktaurs
  9 komodo dragons
  5 tengu conjurers (Depths:2)
  7 ice devils (IceCv)
  2 ancient zymes (Abyss:2)
  2 anaconda simulacra (IceCv)
  13 trolls
  A bloated husk (Swamp:3)
  An elf simulacrum (Vaults:1)
  2 alligator simulacra (IceCv)
  A merfolk (D:9)
  7 polar bears
  A wolf spider simulacrum (D:15)
  6 tyrant leeches
  11 hornets
  13 tarantellas
  A raiju (Abyss:2)
  26 blink frogs
  22 jumping spiders
  43 slime creatures
  9 spriggans
  A shadow (D:13)
  A dire elephant simulacrum (IceCv)
  4 air elementals
  4 wraiths
  28 yaks
  14 culicivoras
  10 water elementals
  16 humans
  4 wyverns
  5 vampires
  5 basilisks
  Eustachio (D:6)
  3 fire bats (Orc:1)
  A golden eye (shapeshifter) (D:15)
  9 minotaur simulacra (IceCv)
  6 wargs (Orc:1)
  4 fire elementals
  41 redbacks
  Grum (D:8)
  A steam dragon (D:6)
  11 vampire mosquitoes
  2 neqoxecs (Abyss:2)
  Edmund (D:5)
  10 swamp worms
  A harpy simulacrum (IceCv)
  27 water moccasins
  A naga zombie (Abyss:2)
  5 acid dragons
  7 hell hounds (Volcano)
  Duvessa (D:6)
  An ogre skeleton (Vaults:1)
  12 swamp drakes
  5 black bears
  17 orc warriors
  2 sky beasts
  A black bear (shapeshifter) (Elf:3)
  An ettin simulacrum (IceCv)
  An ice beast (D:4)
  31 ogres
  4 small abominations (Abyss:2)
  A boggart (D:13)
  18 wolves
  22 centaurs
  A phantom (D:5)
  A kobold brigand (D:10)
  A wyvern zombie (D:7)
  A brain worm (shapeshifter) (D:15)
  11 deep troll simulacra (IceCv)
  A gnoll sergeant (D:9)
  12 bullfrogs
  A necrophage (D:7)
  Blork the orc (D:6)
  An earth elemental (Elf:3)
  33 wights
  4 scorpions
  Dowan (D:6)
  5 lindwurm simulacra (IceCv)
  9 howler monkeys
  A centaur zombie (D:7)
  2 bullfrog zombies (D:7)
  A human zombie (D:7)
  3 hounds (D:5)
  2 gnoll boudas
  A human simulacrum (Vaults:1)
  13 orc priests
  2 jellies
  12 starcursed masses (Abyss:2)
  2 sleepcaps
  2 iguanas
  13 orc wizards
  2 killer bee zombies (D:7)
  2 howler monkey zombies (D:7)
  17 gnolls
  7 adders
  3 ribbon worms
  A white imp (D:7)
  6 ufetubi
  11 dart slugs (D:4)
  63 orcs
  7 ball pythons
  6 bats
  6 endoplasms
  3 giant cockroaches
  9 hobgoblins
  6 jackals (D:1)
  3 quokkas
  5 frilled lizards
  4 goblins
  16 kobolds
  3 rats
1738 creatures vanquished.

Vanquished Creatures (collateral kills)
  the Lernaean hydra (Swamp:4)
  Arachne (Spider:2)
  A deep elf demonologist (Elf:3)
  A war gargoyle (Vaults:1)
  A deep elf death mage (Elf:3)
  A yaktaur captain (Vaults:1)
  A shambling mangrove (Swamp:1)
  An entropy weaver (Vaults:1)
  A deep elf high priest (Elf:3)
  A boulder beetle (Spider:2)
  A demonic crawler (Spider:2)
  2 dancing weapons
  A spriggan (Swamp:1)
  2 deep elf knights
  A skyshark (shapeshifter) (Vaults:5)
  An ironbound convoker (Vaults:1)
  2 deep elf archers (Elf:1)
  An orc knight (Vaults:4)
  A deep elf zephyrmancer (Elf:1)
  A deep elf pyromancer (Elf:2)
  2 meliai (Spider:4)
  2 torpor snails (Spider:4)
  A yaktaur (Vaults:1)
  A freezing wraith (Vaults:1)
  A hornet (Swamp:1)
  A tarantella (Spider:4)
  A redback (Spider:4)
  A vampire mosquito (Spider:2)
  A swamp worm (Swamp:1)
34 creatures vanquished.

Vanquished Creatures (others)
  A tentacled monstrosity (Vaults:3)
  A vault warden (Vaults:5)
  An ironbound preserver (Vaults:3)
  A deep elf high priest (Vaults:3)
  3 vault guards (Vaults:5)
  A deep troll earth mage (Depths:1)
  3 deep elf knights
  A deep troll (Vaults:1)
  An orb spider (Spider:1)
  3 steelbarb worms (Spider:4)
  3 deep elf pyromancers
  3 deep elf zephyrmancers
  2 wolf spiders
  A cyclops (D:11)
  A black mamba (Lair:2)
  A jumping spider (Spider:3)
  6 foxfires (Swamp:1)
  17 spectral weapons
  4 starspawn tentacles (Abyss:2)
54 creatures vanquished.

Grand Total: 1826 creatures vanquished

Notes
Turn   | Place    | Note
-------+----------+-------------------------------------------
     0 | D:1      | thriggle the Barachi Fighter began the quest for the Orb.
     0 | D:1      | Reached XP level 1. HP: 18/18 MP: 1/1
    56 | D:1      | Reached XP level 2. HP: 23/25 MP: 2/2
   239 | D:1      | Reached XP level 3. HP: 30/30 MP: 3/3
   507 | D:1      | Gained mutation: You expend magic power (3 MP) to
                  | strengthen your wands. [potion of mutation]
   507 | D:1      | Gained mutation: You have large cloven feet. [potion of
                  | mutation]
   507 | D:1      | Gained mutation: Your muscles are strong. (Str +4, Int/Dex
                  | -1) [potion of mutation]
   636 | D:2      | Found a radiant altar of Vehumet.
   682 | D:2      | Found a faded altar of an unknown god.
   690 | D:2      | Prayed at the altar of an unknown god.
   690 | D:2      | Became a worshipper of Trog the Wrathful
   690 | D:2      | Reached * piety under Trog
   698 | D:2      | Found Xusyledi's Jewellery Emporium.
   980 | D:2      | Reached skill level 4 in Fighting
   980 | D:2      | Reached skill level 1 in Throwing
   980 | D:2      | Reached skill level 1 in Dodging
   980 | D:2      | Reached skill level 1 in Stealth
  1092 | D:2      | Reached XP level 4. HP: 37/37 MP: 4/4
  2123 | D:4      | Noticed an ogre
  2123 | D:4      | Found Baunaude's Distillery.
  2197 | D:4      | Found a shimmering altar of Xom.
  2197 | D:4      | Found an ornate altar of the Wu Jian Council.
  2206 | D:4      | Reached XP level 5. HP: 42/42 MP: 5/5
  2340 | D:4      | Killed an ogre
  2341 | D:4      | Reached XP level 6. HP: 49/49 MP: 6/6
  2393 | D:4      | Noticed an ice beast
  2415 | D:4      | Killed an ice beast
  2506 | D:4      | Bought a potion of degeneration for 11 gold pieces
  2506 | D:4      | Bought a potion of curing for 33 gold pieces
  2506 | D:4      | Bought a potion of invisibility for 88 gold pieces
  2587 | D:4      | Reached ** piety under Trog
  2652 | D:4      | Found a staircase to the Ecumenical Temple.
  2988 | D:5      | Entered Level 5 of the Dungeon
  3004 | D:5      | Reached XP level 7. HP: 45/55 MP: 4/7
  3267 | D:5      | Reached skill level 5 in Fighting
  3284 | D:5      | Reached skill level 5 in Armour
  3835 | D:6      | Noticed Edmund
  3840 | D:6      | Noticed a steam dragon
  3883 | D:5      | Killed Edmund
  3884 | D:5      | Reached XP level 8. HP: 29/63 MP: 3/8
  4018 | D:6      | Reached skill level 5 in Shields
  4317 | D:6      | Reached skill level 6 in Fighting
  4365 | D:6      | Noticed Eustachio
  4365 | D:6      | Noticed Blork the orc
  4385 | D:6      | Killed Eustachio
  4389 | D:6      | Killed Blork the orc
  4449 | D:6      | Noticed Duvessa
  4449 | D:6      | Noticed Dowan
  4463 | D:6      | Reached XP level 9. HP: 69/69 MP: 9/9
  4484 | D:6      | Killed Duvessa
  4492 | D:6      | Killed Dowan
  4493 | D:6      | Reached skill level 5 in Polearms
  4524 | D:6      | Found a stormy altar of Qazlal.
  4803 | D:6      | Reached *** piety under Trog
  4980 | D:7      | Identified the ring of Okawaru, Teaching {AC+4 Slay+4}
  5086 | D:7      | Identified the +7 trident "Voikydd" {flame, *Rage rCorr
                  | Int-4 SInv}
  5331 | D:7      | Reached skill level 7 in Fighting
  5331 | D:7      | Reached skill level 5 in Dodging
  5453 | D:7      | Reached XP level 10. HP: 79/79 MP: 10/10
  5466 | D:7      | Reached skill level 5 in Throwing
  5466 | D:7      | Reached skill level 5 in Stealth
  5482 | D:7      | Found a basalt altar of Yredelemnul.
  5573 | D:7      | Reached **** piety under Trog
  5903 | D:8      | Noticed Maggie
  5904 | D:8      | Noticed Gastronok
  5915 | D:8      | Killed Maggie
  5929 | D:8      | Noticed Grum
  6121 | D:8      | Noticed a red ugly thing
  6140 | D:7      | Killed Gastronok
  6141 | D:7      | Reached skill level 8 in Fighting
  6290 | D:8      | Killed a red ugly thing
  6357 | D:8      | Killed Grum
  6361 | D:8      | Reached XP level 11. HP: 86/87 MP: 11/11
  6675 | D:8      | Noticed a two-headed ogre
  6682 | D:8      | Killed a two-headed ogre
  6683 | D:8      | Reached skill level 1 in Evocations
  8473 | D:9      | Found a stormy altar of Qazlal.
  8521 | D:9      | Reached ***** piety under Trog
  8575 | D:9      | Found a staircase to the Lair.
  8596 | D:9      | Reached skill level 9 in Fighting
  8728 | D:9      | Found a burning altar of Makhleb.
  8730 | D:9      | Found an opulent altar of Gozag.
  8746 | D:9      | Identified a scroll of acquirement
  8746 | D:9      | Acquired a manual of Stealth
  8825 | D:9      | Noticed a two-headed ogre
  8841 | D:9      | Killed a two-headed ogre
  8899 | D:9      | Found a staircase to the Orcish Mines.
  9372 | D:10     | Entered Level 10 of the Dungeon
  9377 | D:10     | Noticed Lodul
  9404 | D:10     | Killed Lodul
  9436 | D:10     | Noticed a two-headed ogre
  9447 | D:10     | Killed a two-headed ogre
  9525 | D:10     | Noticed a cyclops
  9533 | D:10     | Killed a cyclops
  9534 | D:10     | Reached XP level 12. HP: 96/96 MP: 12/12
  9751 | D:10     | Noticed a two-headed ogre
  9762 | D:10     | Killed a two-headed ogre
 10069 | D:10     | Noticed Sonja
 10087 | D:10     | Killed Sonja
 10113 | D:10     | Found a runed translucent door.
 10115 | D:10     | Noticed a centaur warrior
 10115 | D:10     | Noticed a great orb of eyes
 10115 | D:10     | Noticed a lich
 10119 | D:10     | Noticed bungle's ghost (journeyman GnWn)
 10123 | D:10     | Found a runed translucent door.
 10277 | D:10     | Identified the staff of the Ancients {rElec rPois Int-4
                  | Dex+4 Air}
 10547 | D:11     | Noticed a two-headed ogre
 10555 | D:11     | Killed a two-headed ogre
 10599 | D:11     | Reached skill level 10 in Fighting
 10928 | D:11     | Noticed a two-headed ogre
 10938 | D:11     | Killed a two-headed ogre
 11064 | D:11     | Received a gift from Trog
 11402 | D:12     | You fall into a shaft and drop 1 floor!
 11444 | D:13     | Noticed a rakshasa
 11448 | D:13     | Noticed a boulder beetle
 11449 | D:13     | Noticed a boulder beetle
 11485 | D:13     | Killed a rakshasa
 11702 | D:13     | Killed a boulder beetle
 11742 | D:12     | Noticed a boulder beetle
 11765 | D:12     | Killed a boulder beetle
 11766 | D:12     | Reached skill level 10 in Armour
 11790 | D:12     | Gained mutation: You can hop long distances. [Barachi
                  | growth]
 11790 | D:12     | Reached XP level 13. HP: 105/105 MP: 13/13
 12189 | D:12     | Reached skill level 11 in Fighting
 12216 | D:12     | Reached skill level 5 in Evocations
 13004 | D:13     | Found Kehe's Antique Armour Shop.
 13023 | D:13     | Bought a shiny helmet for 217 gold pieces
 13621 | D:14     | Noticed Rupert
 13621 | D:14     | Found a gate to the Vaults.
 14175 | Orc:1    | Entered Level 1 of the Orcish Mines
 14192 | Orc:2    | Entered Level 2 of the Orcish Mines
 14192 | Orc:2    | Found a staircase to the Elven Halls.
 14254 | Orc:1    | Found a dark tunnel.
 14285 | Volcano  | Entered a volcano
 14335 | Volcano  | Reached skill level 10 in Dodging
 14434 | Volcano  | Reached skill level 10 in Polearms
 14445 | Volcano  | Reached skill level 12 in Fighting
 14616 | Volcano  | Reached XP level 14. HP: 115/115 MP: 14/14
 14625 | Volcano  | Received a gift from Trog
 14858 | Orc:1    | Noticed an orc warlord
 14892 | Orc:1    | Killed an orc warlord
 15433 | Orc:1    | Found Iblaten's General Store.
 15647 | Orc:1    | Upgraded the game from 0.31-a0-1499-ge0622b2318 to
                  | 0.31-a0-1522-g43313d8a59
 15666 | Orc:2    | Reached skill level 10 in Stealth
 15791 | Orc:2    | Reached skill level 10 in Shields
 15862 | Orc:2    | Reached ****** piety under Trog
 15895 | Orc:2    | Found Vosmezxe's Book Shop.
 15909 | Orc:2    | Found Kehun's Armour Shop.
 15916 | Orc:2    | Found Pivom's Book Emporium.
 15970 | Orc:2    | Found Oqio's General Store.
 16056 | Orc:2    | Bought a potion of heal wounds for 75 gold pieces
 16056 | Orc:2    | Bought a wand of charming (4) for 144 gold pieces
 16272 | Lair:1   | Entered Level 1 of the Lair of Beasts
 16494 | Lair:1   | Reached skill level 13 in Fighting
 16631 | Lair:1   | Received a gift from Trog
 16758 | Lair:1   | Reached XP level 15. HP: 65/124 MP: 10/15
 17318 | Lair:2   | Found a hole to the Spider Nest.
 17321 | Lair:2   | Found a staircase to the Swamp.
 18728 | Lair:3   | Received a gift from Trog
 19068 | Lair:4   | Found a staircase to the Slime Pits.
 19068 | Lair:4   | Found a viscous altar of Jiyva.
 19653 | Lair:4   | Reached skill level 14 in Fighting
 20172 | Lair:5   | Entered Level 5 of the Lair of Beasts
 20184 | Lair:5   | Noticed Nessos
 20211 | Lair:5   | Killed Nessos
 20595 | Lair:5   | Reached XP level 16. HP: 132/133 MP: 16/16
 20736 | Lair:5   | Reached skill level 1 in Invocations
 21471 | Lair:5   | Reached skill level 10 in Throwing
 21856 | Spider:1 | Entered Level 1 of the Spider Nest
 22010 | Lair:2   | Reached skill level 1 in Staves
 22673 | Spider:1 | Identified the serpent talisman of the Heavens {Str+2}
 22673 | Spider:1 | Noticed Aizul
 22696 | Spider:1 | Killed Aizul
 23039 | Spider:2 | Noticed Donald
 23039 | Spider:2 | Noticed Asterion
 23044 | Spider:2 | Noticed an Executioner
 23073 | Spider:1 | Killed Donald
 23126 | Swamp:1  | Entered Level 1 of the Swamp
 23472 | Swamp:1  | Reached skill level 15 in Fighting
 23479 | Swamp:1  | Received a gift from Trog
 23996 | Swamp:2  | Found a runed translucent door.
 24142 | Elf:1    | Entered Level 1 of the Elven Halls
 24182 | Elf:1    | Found Axzisous's Antique Weapon Emporium.
 24292 | Elf:1    | Paralysed by an air elemental for 1 turns
 24416 | Elf:1    | Paralysed by an air elemental for 1 turns
 24420 | Elf:1    | Paralysed by an air elemental for 1 turns
 24603 | Elf:1    | Reached XP level 17. HP: 62/142 MP: 9/19
 24680 | Elf:1    | Paralysed by an air elemental for 1 turns
 24794 | Elf:1    | Received a gift from Trog
 24942 | Elf:1    | Found Enimy's Armour Emporium.
 24963 | Elf:1    | Identified the +2 halberd of Tichuix {holy, *Noise rN+++
                  | Int+6}
 25594 | Elf:1    | Found Idwur's Distillery.
 25607 | Elf:1    | Bought a potion of curing for 36 gold pieces
 25607 | Elf:1    | Bought a potion of curing for 36 gold pieces
 25697 | Elf:1    | Found Bituq's Book Shop.
 25713 | Elf:1    | Found Vakeusymn's Armour Boutique.
 25716 | Elf:1    | Bought a +0 pair of boots of rampaging for 172 gold pieces
 26880 | Swamp:3  | Noticed Bai Suzhen
 26915 | Swamp:3  | Killed Bai Suzhen
 27047 | Swamp:3  | Reached skill level 16 in Fighting
 27465 | Swamp:4  | Entered Level 4 of the Swamp
 27608 | Swamp:4  | Received a gift from Trog
 28210 | Swamp:4  | Noticed the 27-headed Lernaean hydra
 28215 | Swamp:4  | Killed the 27-headed Lernaean hydra
 28216 | Swamp:4  | Reached XP level 18. HP: 151/151 MP: 17/21
 28288 | Swamp:4  | Got a decaying rune of Zot
 28590 | Spider:2 | Killed Asterion
 28923 | Spider:2 | Identified the +9 glaive of the Blushing Eel {freeze,
                  | rElec}
 28973 | Spider:2 | Reached skill level 10 in Evocations
 29173 | Spider:2 | Noticed Arachne
 29408 | Spider:2 | Killed Arachne
 30032 | Spider:3 | Reached skill level 5 in Invocations
 30058 | Spider:3 | Received a gift from Trog
 30081 | Spider:3 | Noticed Mlioglotl
 30493 | Spider:3 | Noticed a lich
 30509 | Spider:3 | Killed Mlioglotl
 30648 | Spider:3 | Reached skill level 17 in Fighting
 30878 | Spider:3 | Identified the +3 sling of Ifewnum {flame, Str+4 Dex+2}
 31049 | Spider:4 | Entered Level 4 of the Spider Nest
 31049 | Spider:4 | Noticed Louise
 31049 | Spider:4 | Found a frozen archway.
 31059 | IceCv    | Entered an ice cave
 31366 | IceCv    | Received a gift from Trog
 31816 | IceCv    | Reached XP level 19. HP: 145/161 MP: 23/23
 31888 | IceCv    | Identified the +4 scimitar "Dragon's Tongue" {antimagic,
                  | ^Fragile rN+ Stlth+}
 32439 | Spider:4 | Identified the +4 trident "Hicku" {venom, rPois rN+ Int-4}
 32458 | Spider:4 | Acquired a manual of Axes
 32571 | Spider:4 | Reached skill level 1 in Axes
 32580 | Spider:4 | Reached skill level 15 in Dodging
 32851 | Spider:4 | Killed Louise
 32981 | Spider:4 | Identified the +10 falchion of the Howling Butterfly
                  | {freeze, rCorr Dex-2 SInv Stlth+}
 33216 | Spider:4 | Reached skill level 5 in Staves
 33374 | Spider:4 | Got a gossamer rune of Zot
 33778 | Elf:2    | Found a runed translucent gate.
 33778 | Elf:2    | Found a runed translucent gate.
 33778 | Elf:2    | Found a runed translucent gate.
 33821 | Elf:2    | Found Ankocsob's General Store.
 33821 | Elf:2    | Found Galat's Antique Armour Shoppe.
 33845 | Elf:2    | Found Tifim's Assorted Antiques.
 33865 | Elf:2    | Paralysed by an air elemental for 1 turns
 33868 | Elf:2    | Found Inen's Antique Armour Shoppe.
 33871 | Elf:2    | Bought a scroll of fear for 76 gold pieces
 33874 | Elf:2    | Bought a scroll of acquirement for 2184 gold pieces
 33874 | Elf:2    | Acquired a manual of Fighting
 34497 | Elf:2    | Received a gift from Trog
 35179 | Elf:2    | Reached skill level 18 in Fighting
 35587 | Elf:3    | Entered Level 3 of the Elven Halls
 36150 | Elf:3    | Noticed an Ice Fiend
 36189 | Elf:3    | Reached XP level 20. HP: 135/171 MP: 0/24
 36720 | Elf:3    | Received a gift from Trog
 36728 | Abyss:2  | Cast into level 2 of the Abyss (a deep elf sorcerer)
 37060 | Abyss:2  | Noticed a bone dragon
 37077 | Abyss:2  | Killed a bone dragon
 37078 | Abyss:2  | Reached skill level 5 in Axes
 37177 | Abyss:2  | Gained mutation: Your magical capacity is low. (-10% MP) [a
                  | neqoxec]
 37334 | Elf:3    | Escaped the Abyss
 37560 | Elf:3    | Identified the ring "Jesem" {+Blink rC+ Will- Slay+2}
 37697 | Elf:3    | Identified the +4 rapier "Heitiacw" {flame, Int+2}
 37731 | Elf:3    | Reached skill level 19 in Fighting
 37944 | Elf:3    | Identified the staff of Dismemberment {rC+ rN+ rCorr Earth}
 37998 | Elf:3    | Identified the +5 short sword of Departure {flame, +Blink
                  | Will++}
 38016 | Elf:3    | Identified the ring "Soaheis" {Ice *Corrode Will+ Str+3
                  | Int+3}
 38025 | Elf:3    | Identified the +7 rapier of Pyusus {pain, *Noise MP+9 Dex+2
                  | SInv}
 38026 | Elf:3    | Received a gift from Trog
 38094 | Elf:3    | Identified the staff "Yte Buh" {rElec rF+ Int+2 Summ Fire}
 38298 | Elf:3    | Identified the +8 bardiche of Gozag, Usurping {venom, rC+
                  | rN+}
 38382 | Elf:3    | Identified the +0 ring mail of the Trombone {rElec rN+
                  | MP+9}
 38539 | Elf:2    | Bought a scroll of fear for 168 gold pieces
 38619 | Orc:1    | Bought a potion of curing for 39 gold pieces
 38619 | Orc:1    | Bought a scroll of teleportation for 39 gold pieces
 38696 | Elf:2    | Bought a potion of attraction for 57 gold pieces
 38934 | D:13     | Killed Rupert
 39097 | D:14     | Reached skill level 15 in Polearms
 39170 | D:14     | Identified the staff "Ysiq" {^Drain rF+ Int+5 Fire Ice}
 39170 | D:14     | Identified the +2 morningstar of the Swamp {freeze, rPois
                  | Str-3 Dex+4}
 39478 | D:14     | Found a runed translucent door.
 39481 | D:14     | Noticed Otiejusm's ghost (journeyman GnIE)
 39491 | D:14     | Killed Otiejusm's ghost
 39495 | D:14     | Identified the staff of Yredelemnul's Favour {+Blink Earth}
 39808 | D:10     | Killed bungle's ghost
 40055 | Swamp:2  | Received a gift from Trog
 40068 | Swamp:2  | Reached XP level 21. HP: 174/182 MP: 21/23
 40714 | D:15     | Entered Level 15 of the Dungeon
 40837 | D:15     | Found a runed translucent gate.
 40837 | D:15     | Found a runed translucent gate.
 40837 | D:15     | Found a runed translucent gate.
 41241 | D:15     | Found a staircase to the Depths.
 41370 | D:15     | Reached skill level 20 in Fighting
 41391 | D:15     | Noticed Archuejo's ghost (journeyman MiCj)
 41392 | D:15     | Noticed Qitorr's ghost (adept FoFi)
 41579 | Depths:1 | Entered Level 1 of the Depths
 41598 | Depths:1 | Found a one-way gate to the infinite horrors of the Abyss.
 41690 | Depths:1 | Found a gateway to Hell.
 41708 | Depths:1 | Found a one-way gateway to a ziggurat.
 41742 | Depths:1 | Noticed Ofeo's ghost (adept OnSh)
 41743 | Depths:1 | Found a runed translucent door.
 41853 | Depths:1 | Identified the +5 scale mail "Olaklimi" {Harm rC+}
 42405 | Depths:1 | Received a gift from Trog
 42415 | Depths:1 | Killed Ofeo's ghost
 42468 | Depths:2 | Found a one-way gate leading to the halls of Pandemonium.
 42547 | Depths:1 | Reached skill level 15 in Armour
 42618 | Depths:2 | Found Uvablexat's Assorted Antiques.
 42885 | Vaults:1 | Entered Level 1 of the Vaults
 43825 | Depths:2 | Reached skill level 1 in Maces & Flails
 44415 | Depths:2 | Reached skill level 10 in Staves
 44514 | Depths:2 | Reached skill level 21 in Fighting
 44540 | Depths:2 | Found the +2 Maxwell's thermic engine {flame, freeze, rev}
 44545 | Depths:2 | Identified the ring "Ufunn" {Ice rPois}
 44547 | Depths:2 | Identified the +2 ring mail of Guej {Slay+2}
 45075 | Vaults:1 | Reached XP level 22. HP: 117/194 MP: 24/24
 45079 | Vaults:1 | Received a gift from Trog
 46016 | Vaults:1 | Reached skill level 15 in Stealth
 46120 | Vaults:1 | Received a gift from Trog
 47029 | Vaults:2 | Noticed Xtahua
 47041 | Vaults:2 | Paralysed by Xtahua for 3 turns
 47049 | Vaults:2 | Killed Xtahua
 47050 | Vaults:2 | Reached skill level 10 in Axes
 47526 | Vaults:2 | Reached skill level 22 in Fighting
 47570 | Vaults:2 | Received a gift from Trog
 48336 | Vaults:2 | Found a staircase to the Crypt.
 49461 | Vaults:3 | Identified the +0 quarterstaff of Xegixteh {flame, ^Fragile
                  | rC+++ rN+++ Int-5} (Trog gifted it to you on level 3 of the
                  | Vaults)
 49461 | Vaults:3 | Received a gift from Trog
 49467 | Vaults:3 | Reached XP level 23. HP: 205/205 MP: 25/25
 49773 | Vaults:3 | Found a transporter.
 50098 | Vaults:3 | Identified the +7 hand axe of Focus {flame, rC+ Str+4}
 50276 | Vaults:3 | Found a transporter.
 50356 | Vaults:3 | Reached skill level 23 in Fighting
 50520 | Vaults:3 | Acquired the +1 pair of boots of Deda Jid {rElec Stlth+}
 50739 | Vaults:3 | Received a gift from Trog
 50973 | Vaults:3 | Identified the +4 pair of gloves of the Onion {Str-2 Int+4
                  | Slay+3}
 52060 | Vaults:4 | Reached skill level 15 in Shields
 52217 | Vaults:4 | Received a gift from Trog
 52381 | Vaults:4 | Noticed Mara
 52388 | Vaults:4 | Killed Mara
 52591 | Vaults:5 | Entered Level 5 of the Vaults
 52818 | Vaults:4 | Reached XP level 24. HP: 132/208 MP: 25/25
 52978 | Vaults:4 | Received a gift from Trog
 54105 | Vaults:5 | HP: 2/212 [titan/the air (30)]
 54110 | Vaults:5 | HP: 1/212 [tengu reaver/bolt of cold (12)]
 54113 | Vaults:5 | Slain by a ghostly tengu reaver

Illustrated notes

Levels and vault maps discovered:
D:1:      minmay_arrival_arboretum_small, layout_rooms
D:2:      wander_river, layout_basic, shapermc_ecumenical_altar_mp_highgroup,
          serial_shops, nicolae_shop_gaudy_bauble, basic_altar,
          grunt_ministairs_3
D:3:      layout_loops_corners, serial_bayou_lagoon_b
D:4:      kennysheep_slugbush, layout_basic, nicolae_overflow_two_pavilions,
          minmay_temple_entry_butterflies, nicolae_stop_n_shop_1
D:5:      layout_loops_ring, minmay_hedge_maze
D:6:      layout_gridville, nicolae_qazlal_scattered_showers, uniq_duvessa,
          uniq_eustachio, uniq_blork_the_orc, uniq_edmund
D:7:      layout_cave_pods, lemuel_mausoleum_altar_yredelemnul, serial_glass,
          glass_columns_c, glass_columns_a, minmay_gold_behind_fungi
D:8:      lemuel_ice_spiral_2, layout_rooms, uniq_maggie, uniq_gastronok,
          uniq_grum
D:9:      layout_irregular_city, chequers_temple_overflow_statue_of_worship,
          david_lair_shrubbed, david_orc_5, roadster_trireme
D:10:     layout_loops_corners, muffindrake_ghost_dual_entry, uniq_lodul,
          uniq_sonja
D:11:     layout_roguey, minmay_fractal_squares_diagonal_5
D:12:     lemuel_ice_statue, layout_basic, grunt_decor_junction
D:13:     layout_cave_pods, serial_shops, nicolae_shop_window_shopping
D:14:     minmay_strange_plus, layout_cave_pools, david_vaults_3,
          ebering_ghost_reflecting_pool
D:15:     grunt_enter_depths_hoard, layout_cross, hex_medium,
          gammafunk_ghost_cemetery
Lair:1:   layout_loops_ring
Lair:2:   layout_hall_layers, mainiacjoe_swamp_entry_lozenge_pond,
          hellmonk_spider_entry_life_and_decay
Lair:3:   layout_regular_city, guppyfry_lair_drakes, lemuel_fruit_tree,
          grunt_megastairs_5
Lair:4:   layout_regular_city, slime_entry_1, serial_bayou_shore_a,
          infiniplex_staircase_pool_2
Lair:5:   grunt_lair_end_beastmaster, layout_cave_pods, serial_bayou_shore_b,
          uniq_nessos
Swamp:1:  layout_basic_swamp, evilmike_swamp_ruin_house_4, swamp_pool_5
Swamp:2:  gammafunk_mikee_crab_dinner, layout_basic_swamp,
          evilmike_swamp_ruin_house_1, swamp_pool_1_2, wheals_swamp_sinkhole
Swamp:3:  layout_falls_marsh, nicolae_swamp_trees_clearing, uniq_bai_suzhen
Swamp:4:  swamp_old_school, layout_basic_swamp, swamp_pool_1_2
Spider:1: layout_cave_pods, hangedman_spider_tarantella_strand, uniq_aizul
Spider:2: layout_cave_pods, einodemon_crawler_minivault, uniq_donald,
          uniq_arachne, uniq_asterion
Spider:3: nicolae_spider_hilbert_zone_5 [nicolae_spider_hilbert_3_sides_1_open,
          nicolae_spider_hilbert_4_sides_1_open,
          nicolae_spider_hilbert_4_sides_1_open,
          nicolae_spider_hilbert_6_sides_1_open,
          nicolae_spider_hilbert_6_sides_1_open], nicolae_orb_stairs,
          uniq_mlioglotl
Spider:4: hellmonk_spider_rune_bug_friends, portal_ice_cave_entry_pillars_1,
          uniq_louise
Orc:1:    layout_diamond_mine, nicolae_volcano_entry_batcave, basic_altar,
          serial_shops, nicolae_shop_tiny_glass
Orc:2:    st_orc_open, layout_diamond_mine
Elf:1:    minmay_the_grid_3x2 [minmay_the_grid_doors, minmay_the_grid_eight,
          minmay_the_grid_garden, minmay_the_grid_plusring,
          minmay_the_grid_aliased_spiral,
          minmay_the_grid_prize_four_corners_diamond_a],
          layout_geoelf_diagonals, serial_shops, nicolae_shop_trees,
          nicolae_shop_trees, shop, nicolae_shop_rolling_square,
          nicolae_shop_behind_doors, minmay_elf_demonology
Elf:2:    elven_hall_of_blades_hangedman_original
          [nicolae_blade_entry_hurt_lockers], layout_geoelf_diagonals,
          minmay_shoptagon
Elf:3:    nooodl_elf_gasket, layout_loops_cross, drop_trap
Vaults:1: portal_desolation_entry_ruin, ontoclasm_vaults_chip, v_misc_26,
          nicolae_vaults_branching_niches, nicolae_vaults_mini_display_case,
          v_misc_25, vaults_dpeg_encased_lava, layout_vaults_big_cross
Vaults:2: minmay_crypt_entry_vampire_xt, v_misc_3, nicolae_vaults_puzzle_piece,
          nicolae_vaults_network_star, grunt_vaults_swirl,
          nicolae_vaults_tetromino_Z_1, nicolae_vaults_house_2, v_misc_17,
          nicolae_vaults_tetromino_T_2, ontoclasm_vaults_eye,
          layout_vaults_chaotic_city, uniq_xtahua
Vaults:3: nicolae_vaults_inception_scallops, dpeg_vaults_monster_box,
          nicolae_vaults_arrows, nicolae_vaults_tetromino_Z_1,
          hangedman_vaults_stitches, vaults_dpeg_emergency_exit,
          vaults_dpeg_ring, gammafunk_sealed_arena, nicolae_vaults_shelves_hall,
          nicolae_vaults_double_plus_1, nicolae_vaults_gold_heap,
          layout_vaults_omnigrid
Vaults:4: v_misc_11, hangedman_vaults_pinch, nicolae_vaults_closet_pinwheel_4,
          nicolae_vaults_theta, v_misc_4, hangedman_vaults_stream, v_misc_11,
          vaults_dpeg_doors, nicolae_vaults_big_angled_halls,
          nicolae_vaults_little_squares_6, nicolae_vaults_diamond_2,
          hangedman_vaults_impose, layout_vaults_maze_bifur, uniq_mara
Vaults:5: serial_shops
Depths:1: layout_roguey, enter_ziggurat_f, abyss_entry, hell_entry,
          minivault_14, ebering_ghost_inner_flame, minmay_splitting_lines,
          grunt_decor_cap, water_boxes_lemuel
Depths:2: minmay_haunted_quarter, layout_cave_pools, grunt_hell_entry_dis_grunt,
          serial_shops, shop, pan_entry, roderic_lattice_octagonal_star

Skill      XL: |  1  2  3  4  5  6  7  8  9 10 11 12 13 14 15 16 17 18 19 20 21 22 23 24 |
---------------+-------------------------------------------------------------------------+-----
Fighting       | 4 5 6 7 8 9 10 12 13 14 15 16 17 18 19 21 22 23 | 23.9
Throwing       | 1 2 3 4 5 6 7 8 9 10 11 12 13 14 | 14.9
Dodging        | 1 2 3 4 5 6 7 9 10 11 12 13 14 15 16 17 | 17.2
Stealth        | 1 2 3 4 5 7 8 9 10 11 12 13 14 15 | 15.8
Armour         | 4 5 6 7 8 9 10 11 12 13 14 15 16 | 16.6
Polearms       | 3 4 5 6 7 8 10 11 12 13 14 15 16 17 | 17.3
Shields        | 4 5 6 7 8 9 10 11 12 13 14 15 | 15.3
Evocations     | 3 4 5 6 8 9 10 11 12 13 14 | 14.0
Invocations    | 2 4 5 6 7 |  7.0
Staves         | 4 6 8 10 | 10.8
Axes           | 4 6 8 10 | 10.0
Maces & Flails | 2 |  2.0

Action                     |  1- 3 |  4- 6 |  7- 9 | 10-12 | 13-15 | 16-18 | 19-21 | 22-24 || total
---------------------------+-------+-------+-------+-------+-------+-------+-------+-------++-------
  Melee: Trident           |   128 |   151 |   323 |    59 |     5 |       |    27 |       ||   693
         Kick              |     5 |       |       |       |       |       |       |       ||     5
         Lance             |       |       |       |   543 |  1567 |  1758 |  1921 |   458 ||  6247
         Demon trident     |       |       |       |       |       |       |       |   577 ||   577
  Throw: Stone             |     1 |    12 |    16 |    10 |       |       |       |       ||    39
         Dart              |       |       |    13 |    26 |    19 |    72 |    93 |     2 ||   225
         Boomerang         |       |       |       |    26 |    89 |   100 |   199 |       ||   414
         Throwing net      |       |       |       |       |       |       |     1 |       ||     1
 Invoke: Berserk           |       |     2 |     3 |     3 |       |     3 |     2 |       ||    13
         Trog's Hand       |       |       |     1 |     5 |     1 |     9 |    10 |     3 ||    29
         Brothers in Arms  |       |       |       |       |       |     3 |     6 |       ||     9
Ability: Hop               |       |       |       |       |     3 |     5 |     7 |     9 ||    24
  Evoke: Wand              |       |       |       |       |       |     3 |    50 |    44 ||    97
         Tin of tremorston |       |       |       |       |       |       |     5 |       ||     5
         Phantom mirror    |       |       |       |       |       |       |       |     1 ||     1
    Use: Scroll            |     3 |     6 |     5 |     8 |     5 |     7 |    14 |    15 ||    63
         Potion            |     1 |       |       |       |     1 |     2 |    13 |    25 ||    42
   Stab: Sleeping          |       |       |     4 |    14 |    23 |    21 |    23 |    26 ||   111
         Distracted        |       |       |       |     2 |     3 |     6 |    13 |    22 ||    46
         Petrified         |       |       |       |       |       |     5 |       |       ||     5
         Invisible         |       |       |       |       |       |     1 |     1 |    11 ||    13
 Armour: Scale mail        |    90 |    82 |    83 |       |       |       |       |       ||   255
         Steam dragon scal |       |       |   160 |   245 |   546 |   714 |   769 |   445 ||  2879
         Leather armour    |       |       |       |    38 |       |       |       |       ||    38
         Ring mail         |       |       |       |       |   115 |       |       |       ||   115
         Chain mail        |       |       |       |       |       |    38 |   126 |       ||   164
  Dodge: Dodged            |    72 |    52 |   212 |   255 |   662 |   682 |   731 |   352 ||  3018
  Block: Buckler           |    25 |    26 |    92 |   101 |    26 |       |       |       ||   270
         Kite shield       |       |       |       |       |   586 |   767 |  1154 |   531 ||  3038
         Reflection        |       |       |       |       |       |    17 |    52 |    70 ||   139
         Tower shield      |       |       |       |       |       |       |       |   221 ||   221

Table legend: (Time is in decaauts)
 A = Elapsed time spent in this place.
 B = Non-inter-level travel time spent in this place.
 C = Inter-level travel time spent in this place.
 D = Time resting spent in this place.
 E = Time spent auto-exploring this place.
 F = Levels seen in this place.
 G = Mean time per level.
                   A        B        C        D        E       F      G
               +--------+--------+--------+--------+--------+-----+--------+
         Total |  58243 |  51948 |   6295 |   7907 |  19138 |  43 | 1354.5 |
       Dungeon |  19341 |  16536 |   2805 |   2280 |   7270 |  15 | 1289.4 |
          Lair |   6712 |   5765 |    947 |    435 |   2878 |   5 | 1342.4 |
         Swamp |   3751 |   3275 |    476 |    402 |   1290 |   4 |  937.8 |
   Spider Nest |   5551 |   5278 |    273 |    511 |   2137 |   4 | 1387.8 |
  Orcish Mines |   1759 |   1512 |    247 |    120 |    709 |   2 |  879.5 |
   Elven Halls |   6542 |   5790 |    752 |    975 |   1191 |   3 | 2180.7 |
        Vaults |   9394 |   9037 |    357 |   2178 |   2852 |   5 | 1878.8 |
        Depths |   3156 |   2722 |    434 |    373 |    759 |   2 | 1578.0 |
         Abyss |    588 |    588 |      0 |    137 |      0 |   1 |  588.0 |
      Ice Cave |    919 |    919 |      0 |    310 |      0 |   1 |  919.0 |
       Volcano |    525 |    525 |      0 |    183 |     49 |   1 |  525.0 |
               +--------+--------+--------+--------+--------+-----+--------+

Top non-repeatable levels by time:
Vaults:4: 2973 daAuts
   Elf:1: 2384 daAuts
Vaults:3: 2355 daAuts
Vaults:2: 2349 daAuts
   Elf:2: 2183 daAuts
     D:8: 2016 daAuts
   Elf:3: 1975 daAuts
Depths:1: 1799 daAuts
    D:13: 1695 daAuts
Vaults:1: 1645 daAuts
  Lair:5: 1623 daAuts
     D:7: 1580 daAuts
    D:10: 1531 daAuts
Spider:3: 1493 daAuts
     D:9: 1485 daAuts
